 Dungeon Crawl Stone Soup version 0.20-a0-16-g0876c8e (webtiles) character file.

1165 GordonOverkill the Basher (level 8, -5/84 HPs)
             Began as an Ogre Hunter on Nov 4, 2016.
             Slain by an orc warrior
             ... wielding a +0 halberd
              (21 damage)
             ... on level 5 of the Dungeon.
             The game lasted 00:18:28 (7620 turns).

GordonOverkill the Basher (Ogre Hunter)             Turns: 7620, Time: 00:18:29

Health: -5/84      AC:  4    Str: 20    XL:     8   Next: 40%
Magic:  17/17      EV: 15    Int: 10    God:
Gold:   309        SH:  0    Dex: 15    Spells: 0 memorised, 7 levels left

rFire  + . .     SeeInvis .     m - +4 whip "Uthruun" {slash, rF+ MR+ MP+9}
rCold  . . .     Gourm    .     t - +1 animal skin
rNeg   . . .     Faith    .     (no shield)
rPois  .         Spirit   .     (helmet restricted)
rElec  .         Reflect  .     (no cloak)
rCorr  +         Harm     .     (gloves unavailable)
MR     ++...                    (boots unavailable)
Stlth  +++.......               (no amulet)
                                o - ring of protection from magic
                                n - ring of resist corrosion

@: agile
A: unfitting armour, tough skin 1
a: no special abilities


You were on level 5 of the Dungeon.
You were very hungry.

You visited 1 branch of the dungeon, and saw 6 of its levels.

You collected 309 gold pieces.

Inventory:

Hand Weapons
 m - the +4 whip "Uthruun" (weapon) {slash, rF+ MR+ MP+9}
   (You found it on level 5 of the Dungeon)

   It inflicts extra damage upon your enemies.
   It protects you from fire.
   It affects your resistance to hostile enchantments.
   It affects your magic capacity (+9).
Missiles
 c - 5 large rocks (quivered)
 d - a throwing net
Armour
 t - a +1 animal skin (worn)
Jewellery
 a - the ring of Maniqoh {*Corrode +Blink rElec Stlth+}
   (You found it on level 5 of the Dungeon)

   [ring of stealth]

   It insulates you from electricity.
   It lets you blink.
   It may corrode you when you take damage.
   It makes you more stealthy.
 n - a ring of resist corrosion (left hand)
 o - a ring of protection from magic (right hand)
Scrolls
 b - a scroll of identify
 i - 2 scrolls of remove curse
 j - 2 scrolls of recharging
 p - 2 scrolls of blinking
Potions
 e - a potion of haste {unknown}
 l - a potion of ambrosia
 q - 3 potions of curing
 s - a potion of lignification {unknown}
Comestibles
 f - 4 bread rations
 g - a meat ration
 r - a beef jerky


   Skills:
 + Level 6.4 Fighting
 + Level 10.9 Maces & Flails
 - Level 4.0 Throwing
 - Level 1.7 Dodging
 - Level 0.6 Stealth


You had 7 spell levels left.
You didn't know any spells.

Dungeon Overview and Level Annotations

Branches:
Dungeon (6/15)
 Temple: D:4-7

Altars:

Shops:
D:5 [

Annotations:
D:3 bezhaha's ghost, novice DgGl


Innate Abilities, Weirdness & Mutations

You are too large for most types of armour.
You have tough skin. (AC +1)


Message History

Unknown command.
You're too confused to move!
The orc warrior hits you with a halberd!
* * * LOW HITPOINT WARNING * * *
The orc priest closely misses you. The orc hits you.
* * * LOW HITPOINT WARNING * * *
Unknown command.
You bump into the rock wall.
You feel less invigorated.
You feel less confused. The orc warrior barely misses you.
The orc priest closely misses you. The orc closely misses you.
Unknown command.
You hit the orc priest.
The orc priest is severely wounded.
Unknown command.
You closely miss the orc priest.
The orc priest is severely wounded.
The orc priest closely misses you.
The orc warrior hits you with a halberd!!
You die...

.........###.# ##...# #...
.........# #.# ###.## ##.##
.........# #.# #..### #..#
.........# #.# ##...# #.##
.>.......# #.# ###.# #.###
.........# #.## #.####.##.
....)....###..### #....#....
...............o########......###
#.......####.##o@o...##..###..###
##.....## #.#######.....# #...##
##.#### #.## ####..##.####..##
#.## #..# #...(###....#.... #..#
##.###.#########.....# ##.##
#.....#...# ##..... #..#
#..####...# ##.... ##.#
#..###♣...#######.... #.###
#..#♣.∩)♣..##.....##.


You could see an orc warrior, an orc priest and an orc.

Vanquished Creatures
  The ghost of drd the Grave Robber, an amateur DENe of Hepliaklqana (D:4)
  Edmund (D:5)
  A centaur (D:4)
  Blork the orc (D:4)
  A bullfrog (D:3)
  3 scorpions
  2 crimson imps (D:5)
  A hound (D:4)
  A bullfrog skeleton (D:4)
  An orc wizard (D:4)
  An iguana (D:4)
  3 worker ants
  A worker ant zombie (D:5)
  Robin (D:2)
  7 gnolls
  8 adders
  An ooze (D:2)
  A worm (D:2)
  A dart slug (D:2)
  A leopard gecko (D:2)
  11 orcs (D:4)
  4 ball pythons
  11 bats
  5 giant cockroaches
  17 goblins
  9 hobgoblins
  6 jackals
  8 kobolds
  2 quokkas
  5 frilled lizards
  12 rats
128 creatures vanquished.

Notes
Turn   | Place    | Note
-------+----------+-------------------------------------------
     0 | D:1      | GordonOverkill the Ogre Hunter began the quest for the Orb.
     0 | D:1      | Reached XP level 1. HP: 22/22 MP: 1/1
   151 | D:1      | Reached skill level 1 in Maces & Flails
   151 | D:1      | Reached XP level 2. HP: 22/31 MP: 2/2
   371 | D:1      | Reached skill level 2 in Maces & Flails
   908 | D:1      | Reached XP level 3. HP: 28/37 MP: 3/3
  1551 | D:2      | Reached skill level 3 in Maces & Flails
  1600 | D:2      | Reached XP level 4. HP: 48/48 MP: 4/4
  2441 | D:2      | Noticed Robin
  2451 | D:2      | Reached skill level 4 in Maces & Flails
  2823 | D:2      | Killed Robin
  3029 | D:3      | Reached skill level 5 in Maces & Flails
  3029 | D:3      | Reached XP level 5. HP: 35/54 MP: 5/5
  3222 | D:3      | Noticed a big kobold
  3522 | D:3      | Reached skill level 6 in Maces & Flails
  3547 | D:3      | Noticed bezhaha's ghost (novice DgGl)
  4492 | D:3      | Reached XP level 6. HP: 30/62 MP: 6/6
  4761 | D:4      | Noticed drd's ghost (amateur DENe)
  4773 | D:4      | Killed drd's ghost
  4773 | D:4      | Reached skill level 8 in Maces & Flails
  4942 | D:4      | Reached XP level 7. HP: 49/70 MP: 7/7
  5461 | D:4      | Reached skill level 9 in Maces & Flails
  5636 | D:4      | Noticed Blork the orc
  5648 | D:4      | Killed Blork the orc
  6431 | D:4      | Reached skill level 10 in Maces & Flails
  6442 | D:5      | Entered Level 5 of the Dungeon
  6806 | D:5      | Reached XP level 8. HP: 54/79 MP: 8/8
  6881 | D:5      | Got a steaming glass ring
  6883 | D:5      | Identified the ring of Maniqoh {*Corrode +Blink rElec Stlth+} (You found it on level 5 of the Dungeon)
  6887 | D:5      | Found Kumam's Armour Shop.
  6926 | D:5      | Reached skill level 5 in Fighting
  6973 | D:5      | Got a bloodstained whip
  6974 | D:5      | Identified the +4 whip "Uthruun" {slash, rF+ MR+ MP+9} (You found it on level 5 of the Dungeon)
  7433 | D:6      | Noticed Edmund
  7453 | D:5      | Killed Edmund
  7620 | D:5      | Slain by an orc warrior

Vault maps used:
D:1:      matt_arrival_spirals
D:2:      uniq_robin
D:3:      cheibrodos_thug_alley, grunt_ministairs_10
D:4:      kennysheep_big_flooded_room, first_bread, uniq_blork_the_orc
D:5:      enter_ossuary_2, serial_shops, nicolae_shop_trees
D:6:      uniq_edmund

Skill      XL: |  1  2  3  4  5  6  7  8 |
---------------+-------------------------+-----
Fighting       | 3 4 6 |  6.4
Maces & Flails | 1 2 3 5 6 8 10 | 10.9
Throwing       | |  4.0
Dodging        | |  1.7
Stealth        | |  0.6

Action                   |  1- 3 |  4- 6 |  7- 9 || total
-------------------------+-------+-------+-------++-------
Melee: Mace              |   105 |   248 |   113 ||   466
       Whip              |       |       |    50 ||    50
Throw: Large rock        |     1 |    23 |    18 ||    42
       Throwing net      |       |     2 |       ||     2
  Use: Potion            |       |     2 |     2 ||     4
       Scroll            |       |       |    13 ||    13
  Eat: Chunk             |     2 |     8 |     4 ||    14
       Meat ration       |       |     1 |       ||     1
       Beef jerky        |       |     1 |       ||     1
Armor: Robe              |    50 |    37 |       ||    87
       Animal skin       |       |    71 |    25 ||    96
Dodge: Dodged            |    87 |   182 |    91 ||   360
